 Dungeon Crawl Stone Soup version 0.31.0-12-g77e489cdc1 (webtiles) character file.

Game seed: 14748009423063445801

2698 Arctor the Thaumaturge (level 9, -26/45 HPs)
             Began as a Deep Elf Fire Elementalist on Feb 12, 2024.
             Was a Follower of Vehumet.
             Annihilated by a two-headed ogre
             ... wielding a +0 giant club
              (29 damage)
             ... on level 8 of the Dungeon.
             The game lasted 00:12:15 (9299 turns).

Arctor the Thaumaturge (Deep Elf Fire Elementalist) Turns: 9299, Time: 00:12:15

Health: -26/45     AC:  4    Str:  5    XL:     9   Next: 38%
Magic:  8/23       EV: 15    Int: 25    God:    Vehumet [*.....]
Gold:   317        SH:  0    Dex: 15    Spells: 21/24 levels left

rFire   . . .        o - +1 dagger (freeze)
rCold   . . .        (no shield)
rNeg    . . .        a - +0 robe
rPois   .            l - +0 helmet
rElec   .            n - +0 cloak
rCorr   .            (no gloves)
SInv    .            (no boots)
Will    .....        (no amulet)
Stlth   ++++         t - ring of wizardry
HPRegen 0.27/turn    z - ring of wizardry
MPRegen 0.18/turn

%: wizardry (x2)
@: no status effects
A: no striking features
a: Renounce Religion


You were on level 8 of the Dungeon.
You worshipped Vehumet.
Vehumet was aware of your devotion.
You visited 2 branches of the dungeon, and saw 9 of its levels.

You collected 317 gold pieces.

Inventory:

Hand Weapons
 o - a +1 dagger of freezing (weapon)
Armour
 a - a +0 robe (worn)
 l - a +0 helmet (worn)
 n - a +0 cloak (worn)
Magical Staves
 B - a staff of death
Jewellery
 t - a ring of wizardry (left hand)
 z - a ring of wizardry (right hand)
Wands
 m - a wand of roots (8)
 s - a wand of flame (33)
 y - a wand of acid (9)
Scrolls
 c - 8 scrolls of teleportation
 d - 7 scrolls of identify {unknown}
 e - 2 scrolls of vulnerability {unknown}
 i - 3 scrolls of noise {unknown}
 j - 3 scrolls of fear {unknown}
 p - a scroll of blinking {unknown}
 r - a scroll of enchant armour {unknown}
 u - a scroll of fog {unknown}
 v - 2 scrolls of amnesia {unknown}
 x - 3 scrolls of poison {unknown}
 A - a scroll of brand weapon {unknown}
Potions
 b - 2 potions of magic
 f - 4 potions of curing {unknown}
 g - a potion of degeneration {unknown}
 h - 2 potions of ambrosia {unknown}
 k - 2 potions of cancellation {unknown}
 q - 2 potions of attraction {unknown}
 w - 2 potions of brilliance {unknown}


   Skills:
 + Level 7.3 Dodging
 + Level 7.8 Stealth
 + Level 8.1 Spellcasting
 + Level 6.3 Conjurations
 + Level 7.1 Fire Magic


You had 21 spell levels left.
You knew the following spells:

 Your Spells              Type           Power      Damage    Failure   Level
a - Foxfire               Conj/Fire      100%       2x1d9     1%          1
b - Scorch                Fire           90%        2d8       1%          2

Your spell library contained the following spells:

 Spells                   Type           Power      Damage    Failure   Level
 Freeze                   Ice            40%        1d6       1%          1
 Momentum Strike          Conj/Tloc      52%        3d9       1%          2
 Inner Flame              Hex/Fire       28%        N/A       1%          3
 Volatile Blastmotes      Fire/Tloc      56%        2d14      1%          3
 Flame Wave               Conj/Fire      43%        2d11      1%          4
 Blink                    Tloc           20%        N/A       2%          2
 Lesser Beckoning         Tloc           20%        N/A       2%          2
 Call Canine Familiar     Summ           10%        N/A       5%          3
 Sigil of Binding         Hex            10%        N/A       5%          3
 Dimensional Bullseye     Hex/Tloc       5%         N/A       16%         4


Dungeon Overview and Level Annotations

Branches:
Dungeon (8/15)             Temple (1/1) D:6
   Lair: D:8-11

Altars:
Ashenzari
Cheibriados
Dithmenos
Elyvilon
Fedhas
Hepliaklqana
Kikubaaqudgha
Nemelex Xobeh
Okawaru
Qazlal
Ru
Sif Muna
Trog
Uskayaw
Vehumet
Wu Jian
Xom
Yredelemnul
Zin
The Shining One

Annotations:
D:7 Pikel


Message History

The two-headed ogre closely misses you.
Casting: Scorch (safe; 1% risk of failure)
Confirm with . or Enter, or press ? or * to list all spells.
Flames lash the killer bee.
The killer bee is almost dead.
The killer bee's fire resistance burns away.
You hear an angry buzzing noise.
The killer bee stings you.
A killer bee comes into view.
Casting: Scorch (safe; 1% risk of failure)
Confirm with . or Enter, or press ? or * to list all spells.
Flames lash the killer bee.
The killer bee is burned terribly!
You kill the killer bee!
Vehumet accepts your kill.
The two-headed ogre hits you with a +0 giant club!!
Ouch! That really hurt!
The two-headed ogre completely misses you.
Casting: Scorch (safe; 1% risk of failure)
Confirm with . or Enter, or press ? or * to list all spells.
Flames lash the two-headed ogre.
The two-headed ogre is burned terribly!
The two-headed ogre is almost dead.
The two-headed ogre hits you with a +0 giant club!
* * * LOW HITPOINT WARNING * * *
The two-headed ogre misses you.
Casting: Scorch (safe; 1% risk of failure)
Confirm with . or Enter, or press ? or * to list all spells.
Flames lash the killer bee.
The killer bee is severely wounded.
The killer bee's fire resistance burns away.
You hear an angry buzzing noise.
A killer bee comes into view. x2
Casting: Scorch (safe; 1% risk of failure)
Confirm with . or Enter, or press ? or * to list all spells.
Flames lash the killer bee.
The killer bee is burned terribly!
You kill the killer bee!
Vehumet accepts your kill.
The killer bee buzzes angrily.
The two-headed ogre hits you with a +0 giant club!!
Ouch! That really hurt!
You die...

### ########## #..
.........# #.#
########.# #.#
##.##
#.##########.#.###
#@..........###...
#O†#..######.#.###
#.###.............
#.. ..#######.####
#....## #.# #
#.#y# #.# # #y#.
#.# #.#..
.#####.#### .
.........).


You could see a two-headed ogre (combustible) and 2 killer bees.

Vanquished Creatures
  A yak (D:5)
  Eustachio (D:4)
  Menkaure (D:5)
  A water moccasin (D:5)
  2 ice beasts (D:5)
  2 sky beasts (D:6)
  2 black bears
  A centaur (D:5)
  7 scorpions
  5 wights (D:8)
  2 killer bees (D:8)
  2 howler monkeys (D:6)
  2 bombardier beetles
  4 hounds
  2 orc priests (D:6)
  Crazy Yiuf (D:2)
  Ijyb (D:5)
  An iguana (D:7)
  A sleepcap (D:6)
  Jessica (D:2)
  3 orc wizards (D:8)
  Natasha (thrice) (D:4)
  Robin (D:2)
  4 gnolls
  6 adders
  2 white imps
  2 ribbon worms
  21 orcs
  8 endoplasms
  A giant cockroach (D:4)
  14 goblins
  8 hobgoblins
  4 jackals (D:5)
  6 kobolds
  4 quokkas
  10 ball pythons
  8 bats
  2 frilled lizards
  8 rats
155 creatures vanquished.

Vanquished Creatures (collateral kills)
  A foxfire (D:6)
1 creature vanquished.

Vanquished Creatures (others)
  867 foxfires
867 creatures vanquished.

Grand Total: 1023 creatures vanquished

Notes
Turn   | Place    | Note
-------+----------+-------------------------------------------
     0 | D:1      | Arctor the Deep Elf Fire Elementalist began the quest for
                  | the Orb.
     0 | D:1      | Reached XP level 1. HP: 10/10 MP: 6/6
   298 | D:1      | Reached XP level 2. HP: 15/15 MP: 1/8
   377 | D:1      | Learned a level 2 spell: Scorch
   803 | D:1      | Found a faded altar of an unknown god.
  1229 | D:1      | Reached XP level 3. HP: 17/19 MP: 0/9
  1560 | D:2      | Noticed Robin
  1703 | D:2      | Killed Robin
  1819 | D:2      | Found a runed translucent door.
  1828 | D:2      | Noticed Crazy Yiuf
  1866 | D:2      | Reached XP level 4. HP: 24/24 MP: 6/11
  2060 | D:2      | Noticed Jessica
  2071 | D:2      | Killed Jessica
  2077 | D:2      | Reached skill level 4 in Spellcasting
  3026 | D:3      | Reached XP level 5. HP: 28/28 MP: 7/13
  3131 | D:2      | Killed Crazy Yiuf
  4574 | D:4      | Reached XP level 6. HP: 32/32 MP: 10/14
  4813 | D:4      | Found an ancient bone altar of Kikubaaqudgha.
  4840 | D:4      | Noticed Natasha
  4846 | D:4      | Killed Natasha
  5054 | D:4      | Noticed Eustachio
  5090 | D:4      | Killed Eustachio
  5091 | D:4      | Reached skill level 5 in Spellcasting
  5343 | D:4      | Noticed Natasha
  5347 | D:4      | Killed Natasha
  5348 | D:4      | Reached XP level 7. HP: 36/36 MP: 11/16
  5427 | D:4      | Reached skill level 5 in Stealth
  5427 | D:4      | Reached skill level 5 in Fire Magic
  5834 | D:4      | Noticed Natasha
  5840 | D:4      | Killed Natasha
  5881 | D:5      | Entered Level 5 of the Dungeon
  6005 | D:5      | Found a hide-covered altar of Uskayaw.
  6056 | D:5      | Noticed a yak
  6063 | D:5      | Killed a yak
  6064 | D:5      | Reached skill level 5 in Dodging
  6064 | D:5      | Noticed a yak
  6065 | D:5      | Noticed a yak
  6066 | D:5      | Noticed a yak
  6077 | D:5      | Reached skill level 6 in Spellcasting
  6084 | D:5      | Noticed a +0 dagger
  6084 | D:5      | Noticed a +0 dagger
  6224 | D:5      | Noticed Menkaure
  6234 | D:5      | Killed Menkaure
  6235 | D:5      | Reached XP level 8. HP: 22/41 MP: 14/19
  6566 | D:5      | Reached skill level 5 in Conjurations
  6854 | D:5      | Noticed Ijyb
  6858 | D:5      | Killed Ijyb
  7069 | D:5      | Reached skill level 7 in Spellcasting
  7789 | D:6      | Found a sacrificial altar of Ru.
  7886 | D:6      | Reached XP level 9. HP: 31/45 MP: 17/22
  7947 | D:6      | Found a staircase to the Ecumenical Temple.
  7982 | Temple   | Entered the Ecumenical Temple
  8037 | Temple   | Became a worshipper of Vehumet
  8361 | D:6      | Found a shadowy altar of Dithmenos.
  8557 | D:7      | Noticed Pikel
  8990 | D:8      | Reached skill level 8 in Spellcasting
  9148 | D:8      | Reached * piety under Vehumet
  9148 | D:8      | Offered knowledge of Freeze by Vehumet.
  9288 | D:8      | Noticed a two-headed ogre
  9299 | D:8      | Annihilated by a two-headed ogre

Illustrated notes

Levels and vault maps discovered:
D:1:      elethiomel_arrival_infinity_welcomes_careful_drivers,
          layout_loops_cross, ebering_ecumenical_altar_webs, fountainhead,
          minmay_pentomino_q4
D:2:      layout_loops_cross, uniq_robin, uniq_crazy_yiuf_cottage, uniq_jessica
D:3:      layout_rooms
D:4:      layout_basic, nicolae_overflow_hidden_temple, uniq_eustachio,
          uniq_natasha
D:5:      black_bear_nest_1, layout_gridville, dancing_weapons_uskayaw,
          nrook_campfire, uniq_ijyb, uniq_menkaure
D:6:      layout_cave_pools, nicolae_ru_the_path_less_chosen, marbit_many_paths,
          minmay_temple_entry_sparse_star
D:7:      layout_basic, nicolae_gozag_seed_capital, lemuel_doored_altar,
          enter_bailey_5, minivault_22, uniq_pikel
D:8:      layout_loops_ring
Temple:   nicolae_temple_elliptical

Skill      XL: |  1  2  3  4  5  6  7  8  9 |
---------------+----------------------------+-----
Stealth        | 3 4 5 7 |  7.8
Dodging        | 3 4 5 6 7 |  7.3
Conjurations   | 2 3 4 5 6 |  6.3
Spellcasting   | 4 5 6 7 8 |  8.1
Fire Magic     | 4 5 6 7 |  7.1

Action                     |  1- 3 |  4- 6 |  7- 9 || total
---------------------------+-------+-------+-------++-------
  Melee: Unarmed           |     6 |     1 |       ||     7
         Punch             |     1 |       |       ||     1
         Dagger            |       |     2 |       ||     2
   Cast: Foxfire           |   100 |   154 |   284 ||   538
         Scorch            |     3 |    30 |    33 ||    66
    Use: Scroll            |       |       |     1 ||     1
 Armour: Robe              |    15 |    24 |    23 ||    62
  Dodge: Dodged            |    21 |    25 |    30 ||    76
